 Dungeon Crawl Stone Soup version 0.22.1-2-g9c5b331383 (webtiles) character file.

571 McKennaii the Gusty (level 7, -2/54 HPs)
             Began as a Tengu Air Elementalist on Nov 15, 2018.
             Slain by an orc warrior
             ... wielding a +0 flail
              (5 damage)
             ... on level 4 of the Dungeon.
             The game lasted 00:14:18 (4132 turns).

McKennaii the Gusty (Tengu Air Elementalist)        Turns: 4132, Time: 00:14:22

Health: -2/54      AC: 23    Str:  8    XL:     7   Next: 34%
Magic:  7/14       EV:  2    Int: 18    God:
Gold:   160        SH:  0    Dex: 14    Spells: 6/14 levels left

rFire    . . .     SeeInvis .   (no weapon)
rCold    . . .     Gourm    .   (no shield)
rNeg     + + +     Faith    .   (armour currently unavailable)
rPois    +         Spirit   .   (helmet currently unavailable)
rElec    .         Reflect  .   (cloak currently unavailable)
rCorr    .         Harm     .   (gloves currently unavailable)
MR       .....     NoTele   +   (boots unavailable)
Stlth    ++........             (no amulet)
HPRegen  0.18/turn              l - ring of positive energy
MPRegen  0.14/turn              (no ring)

@: tree-form
A: able to fly 1
a: Fly


You were on level 4 of the Dungeon.
You were not hungry.
You were a tree.
You visited 1 branch of the dungeon, and saw 4 of its levels.

You collected 160 gold pieces.

Inventory:

Armour
 a - a +0 robe (melded)
 g - a +0 cloak (melded)
Jewellery
 l - a ring of positive energy (left branch)
Wands
 r - a wand of iceblast (7)
Scrolls
 b - a scroll of enchant armour {unknown}
 e - 2 scrolls of remove curse
 h - a scroll of enchant weapon {unknown}
 i - a scroll of amnesia
 j - a scroll of fog
 k - a scroll of identify
 m - 2 scrolls of teleportation {unknown}
 n - 3 scrolls of fear
 p - a scroll of random uselessness {unknown}
Potions
 d - a potion of might {unknown}
 f - a potion of degeneration {unknown}
 q - a potion of agility {unknown}
 s - a potion of heal wounds {unknown}
Comestibles
 c - 6 rations
 u - 2 chunks of flesh


   Skills:
 + Level 0.1 Fighting
 + Level 2.7 Dodging
 + Level 2.9 Stealth
 + Level 0.1 Unarmed Combat
 * Level 4.2 Spellcasting
 * Level 5.6 Conjurations
 * Level 6.4 Air Magic


You had 6 spell levels left.
You knew the following spells:

 Your Spells              Type           Power        Failure   Level  Hunger
a - Shock                 Conj/Air       ####         1%          1    None
b - Swiftness             Chrm/Air       ###.....     6%          2    ##.....
c - Lightning Bolt        Conj/Air       ####......   32%         5    ######.

Your spell library contained the following spells:

 Spells                   Type           Power        Failure   Level  Hunger
 Static Discharge         Conj/Air       ####....     3%          3    ###....
 Airstrike                Air            ####......   10%         4    ####...


Dungeon Overview and Level Annotations

Branches:
Dungeon (4/15)
 Temple: D:4-7

Altars:
Ashenzari
Cheibriados
Hepliaklqana
Makhleb
Nemelex Xobeh

Shops:
D:4 (=

Annotations:
D:4 Menkaure


Innate Abilities, Weirdness & Mutations

((You have a beak for a mouth.))
((You have claws for feet.))
You can fly.


Message History

The orc warrior hits you with a flail!!
Ouch! That really hurt!
* * * LOW HITPOINT WARNING * * *
You turn into a tree.
Your +0 cloak melds into your body.
Your +0 robe melds into your body.
Your roots penetrate the ground.
You feel better.
The orc warrior hits you but does no damage.
Casting: Shock (safe; 1% risk of failure)
Confirm with . or Enter, or press ? or * to list all spells.
Aiming: Shock (safe; 1% risk of failure)
Press: ? - help, Shift-Dir - straight line That beam is likely to hit you.
Continue anyway?
The zap hits the orc warrior.
The orc warrior is moderately wounded.
The zap hits the orc warrior.
The orc warrior appears unharmed.
The orc warrior is moderately wounded.
Helpless, you fail to dodge the zap.
* * * LOW HITPOINT WARNING * * *
The orc warrior hits you with a flail.
You die...

...........
#.............#
.....)...
#.......#######
.∩.....
#.......# #
...o) ####.####
# .l. #.# # #o#
#.# # #.# #.# #
#o# #########.#
#o# #.o♣......#
#†# #.#########
#.# #.# #†# #.#
#"# #.#
#.###.###.#.
#............
#####.###.###
#.#


You could see an orc warrior.

Vanquished Creatures
  An ogre (D:4)
  A howler monkey (D:4)
  2 crimson imps (D:3)
  2 hounds (D:4)
  An orc wizard (D:3)
  Terence (D:3)
  Ijyb (D:2)
  A worker ant (D:4)
  A hound skeleton (D:4)
  Robin (D:3)
  7 adders
  4 gnolls (D:3)
  An ooze (D:1)
  2 worms (D:2)
  2 dart slugs
  2 leopard geckos (D:2)
  8 orcs
  2 giant cockroaches (D:2)
  12 goblins
  9 hobgoblins
  A quokka (D:4)
  2 ball pythons (D:1)
  10 bats
  7 frilled lizards
  2 kobolds
  A leopard gecko skeleton (D:4)
  6 rats
90 creatures vanquished.

Notes
Turn   | Place    | Note
-------+----------+-------------------------------------------
     0 | D:1      | McKennaii the Tengu Air Elementalist began the quest for
                  | the Orb.
     0 | D:1      | Reached XP level 1. HP: 10/10 MP: 4/4
   143 | D:1      | Reached XP level 2. HP: 15/15 MP: 0/6
   902 | D:2      | Reached XP level 3. HP: 19/19 MP: 4/7
  1007 | D:2      | Reached skill level 5 in Air Magic
  1161 | D:2      | HP: 1/28 [poisoned by an adder]
  1262 | D:2      | Reached XP level 4. HP: 11/24 MP: 2/8
  1484 | D:2      | Found a shattered altar of Ashenzari.
  1527 | D:2      | Learned a level 2 spell: Swiftness
  2079 | D:3      | Gained mutation: You can fly. [Tengu growth]
  2079 | D:3      | Reached XP level 5. HP: 28/28 MP: 5/10
  2082 | D:3      | Noticed Terence
  2285 | D:3      | Killed Terence
  2343 | D:3      | Found a hazy altar of Hepliaklqana.
  2380 | D:3      | Found a sparkling altar of Nemelex Xobeh.
  2514 | D:3      | Noticed Robin
  2554 | D:3      | Killed Robin
  2646 | D:3      | Found a burning altar of Makhleb.
  2648 | D:3      | Noticed a blizzard demon
  2652 | D:3      | Noticed a hellwing
  2652 | D:3      | Noticed a hellwing
  2728 | D:3      | Noticed Ijyb
  2812 | D:2      | Killed Ijyb
  2812 | D:2      | Reached XP level 6. HP: 15/32 MP: 0/12
  3320 | D:4      | Learned a level 5 spell: Lightning Bolt
  3328 | D:4      | Reached skill level 6 in Air Magic
  3500 | D:4      | Found a snail-covered altar of Cheibriados.
  3520 | D:4      | Reached skill level 5 in Conjurations
  3520 | D:4      | Reached XP level 7. HP: 33/36 MP: 7/13
  3576 | D:4      | Noticed Menkaure
  3664 | D:4      | Found Samuy's Jewellery Emporium.
  4104 | D:4      | Found Awoe's Weapon Emporium.
  4132 | D:4      | Slain by an orc warrior

Skill      XL: |  1  2  3  4  5  6  7 |
---------------+----------------------+-----
Air Magic      | 5 6 |  6.4
Conjurations   | 2 3 4 5 |  5.6
Spellcasting   | 3 4 |  4.2
Fighting       | |  0.1
Dodging        | |  2.7
Stealth        | |  2.9
Unarmed Combat | |  0.1

Action                   |  1- 3 |  4- 6 |  7- 9 || total
-------------------------+-------+-------+-------++-------
Melee: Unarmed           |     2 |    30 |       ||    32
       Peck              |       |     3 |       ||     3
       Kick              |       |     5 |       ||     5
 Cast: Shock             |    48 |   154 |    26 ||   228
  Use: Potion            |     3 |       |     2 ||     5
       Scroll            |       |       |     5 ||     5
  Eat: Chunk             |     2 |     7 |     2 ||    11
Armor: Robe              |     1 |    14 |       ||    15
       Skin              |       |       |     1 ||     1
Dodge: Dodged            |     9 |    54 |       ||    63
